 Dungeon Crawl Stone Soup version 0.20.0-10-g0535bb4 (webtiles) character file.

354 shmeve the Skirmisher (level 6, -2/56 HPs)
             Began as a Minotaur Berserker on June 3, 2017.
             Was a Priest of Trog.
             Slain by a gnoll
             ... wielding a +1 flail of protection
              (4 damage)
             ... on level 3 of the Dungeon.
             The game lasted 00:03:40 (1952 turns).

shmeve the Skirmisher (Minotaur Berserker)          Turns: 1952, Time: 00:03:40

Health: -2/56      AC:  9    Str: 24    XL:     6   Next: 35%
Magic:  5/5        EV:  9    Int:  4    God:    Trog [***...]
Gold:   116        SH:  0    Dex:  9    Spells: 5/5 levels left

rFire    . . .     SeeInvis .   a - +0 hand axe
rCold    . . .     Gourm    .   (no shield)
rNeg     . . .     Faith    .   d - +0 chain mail
rPois    .         Spirit   .   (helmet restricted)
rElec    .         Reflect  .   (no cloak)
rCorr    .         Harm     .   (no gloves)
MR       .....                  (no boots)
Stlth    ..........             (no amulet)
Regen    0.2/turn               (no ring)
MPRegen  0.1/turn               (no ring)

@: no status effects
A: retaliatory headbutt, horns 2
a: Berserk, Trog's Hand, Burn Spellbooks, Renounce Religion


You were on level 3 of the Dungeon.
You worshipped Trog.
Trog was most pleased with you.
You were hungry.

You visited 1 branch of the dungeon, and saw 3 of its levels.

You collected 116 gold pieces.

Inventory:

Hand Weapons
 a - a +0 hand axe (weapon)
Missiles
 x - 5 tomahawks (quivered)
Armour
 d - a +0 chain mail (worn)
Jewellery
 r - an uncursed ring of stealth {unknown}
 v - an uncursed ring of protection from cold {unknown}
Scrolls
 e - 2 scrolls of magic mapping {unknown}
 f - 2 scrolls of teleportation {unknown}
 h - a scroll of noise {unknown}
 j - a scroll of recharging {unknown}
 m - 4 scrolls of identify {unknown}
 n - 2 scrolls of blinking {unknown}
 o - 5 scrolls of remove curse {unknown}
 q - 3 scrolls of amnesia {unknown}
 w - a scroll of random uselessness {unknown}
 y - a scroll of fog {unknown}
Potions
 g - a potion of curing {unknown}
 l - a potion of resistance {unknown}
 p - a potion of haste {unknown}
 t - a potion of mutation {unknown}
 u - 2 potions of degeneration {unknown}
Comestibles
 b - 2 fruits
 c - a bread ration
 i - 3 chunks of flesh
 k - a royal jelly
 s - 3 meat rations


   Skills:
 * Level 5.6 Fighting
 * Level 5.4 Axes
 + Level 2.0 Throwing
 + Level 3.8 Armour
 + Level 3.4 Dodging


You had 5 spell levels left.
You didn't know any spells.

Dungeon Overview and Level Annotations

Branches:
Dungeon (3/15)

Altars:


Innate Abilities, Weirdness & Mutations

You reflexively headbutt those who attack you in melee.
You have a pair of horns on your head.


Message History

You hit the gnoll. Your headbutt misses the gnoll.
The gnoll is heavily wounded.
Your chain mail prevents you from hitting the gnoll.
The gnoll hits you but does no damage. x2
You are feeling hungry.
You hit the gnoll.
The gnoll is severely wounded.
You hit the gnoll but do no damage.
The gnoll hits you but does no damage. x2
Unknown command.
You barely miss the gnoll. You headbutt the gnoll.
You kill the gnoll!
Trog accepts your kill.
You hit the gnoll but do no damage.
The gnoll hits you with a flail of protection!
* * * LOW HITPOINT WARNING * * *
Your chain mail prevents you from hitting the frilled lizard.
You hit the gnoll but do no damage. The frilled lizard bites you.
* * * LOW HITPOINT WARNING * * *
The gnoll hits you with a flail of protection.
You die...

###..# +.#..#
#.#..# #.##.##
#.##..# #.##.>#
#...#.#
#.#########.#.#
#.....l@))#.#.#
....####g...#.#
. #...)..#..
#.###.#### #.
..# # ....
....# .....#
....##


You could see a gnoll and a frilled lizard.

Vanquished Creatures
  Sigmund (D:3)
  2 hounds (D:3)
  3 gnolls (D:3)
  4 adders
  A worm (D:2)
  3 dart slugs
  A leopard gecko (D:3)
  An orc (D:3)
  2 giant cockroaches
  8 goblins
  8 hobgoblins
  2 jackals (D:1)
  A quokka (D:3)
  2 ball pythons (D:2)
  7 bats
  4 frilled lizards
  7 kobolds
  5 rats
62 creatures vanquished.

Notes
Turn   | Place    | Note
-------+----------+-------------------------------------------
     0 | D:1      | shmeve the Minotaur Berserker began the quest for the Orb.
     0 | D:1      | Reached XP level 1. HP: 19/19 MP: 0/0
   197 | D:1      | Reached XP level 2. HP: 27/27 MP: 1/1
   572 | D:1      | Reached ** piety under Trog
   771 | D:2      | Reached XP level 3. HP: 33/33 MP: 2/2
   938 | D:2      | Reached skill level 1 in Throwing
  1452 | D:3      | Reached XP level 4. HP: 30/40 MP: 3/3
  1819 | D:3      | Noticed Sigmund
  1828 | D:3      | Killed Sigmund
  1828 | D:3      | Reached skill level 5 in Fighting
  1828 | D:3      | Reached skill level 5 in Axes
  1828 | D:3      | Reached XP level 5. HP: 48/48 MP: 4/4
  1828 | D:3      | Reached XP level 6. HP: 56/56 MP: 5/5
  1951 | D:3      | Reached *** piety under Trog
  1952 | D:3      | HP: 2/56 [frilled lizard (2)]
  1952 | D:3      | Slain by a gnoll

Skill      XL: |  1  2  3  4 |
---------------+-------------+-----
Axes           | 4 5 |  5.4
Fighting       | 4 5 |  5.6
Throwing       | 1 2 |  2.0
Armour         | 3 |  3.8
Dodging        | 3 |  3.4

Action                   |  1- 3 |  4- 6 || total
-------------------------+-------+-------++-------
Melee: Hand axe          |    98 |    45 ||   143
       Headbutt          |    11 |     5 ||    16
Throw: Tomahawk          |       |     5 ||     5
Invok: Berserk           |       |     1 ||     1
       Trog's Hand       |       |     1 ||     1
  Eat: Chunk             |     1 |     3 ||     4
Armor: Chain mail        |    84 |    38 ||   122
Dodge: Dodged            |    70 |    19 ||    89
